 Dungeon Crawl Stone Soup version 0.22-a0-580-gd5db89c (webtiles) character file.

7 Amnesiac the Magician (level 1, -10/9 HPs)
             Began as a Spriggan Wanderer on July 3, 2018.
             Blown up by Ijyb (19 damage)
             ... with a wand of disintegration (11)
             ... on level 4 of the Dungeon.
             The game lasted 00:01:06 (438 turns).

Amnesiac the Magician (Spriggan Wanderer)            Turns: 438, Time: 00:01:07

Health: -10/9      AC:  2    Str: 12    XL:     1   Next: 83%
Magic:  5/5        EV: 16    Int: 11    God:
Gold:   11         SH:  0    Dex: 13    Spells: 6/6 levels left

rFire    . . .     SeeInvis +   d - +0 dagger
rCold    . . .     Gourm    .   (shield restricted)
rNeg     . . .     Faith    .   c - +0 robe
rPois    .         Spirit   .   (helmet restricted)
rElec    .         Reflect  .   (no cloak)
rCorr    .         Harm     .   (gloves unavailable)
MR       .....                  (boots unavailable)
Stlth    ++........             (no amulet)
HPRegen  0.03/turn              (no ring)
MPRegen  0.09/turn              (no ring)

@: very quick
A: very small, unfitting armour, see invisible, herbivore, speed 3, slow
metabolism 2
a: no special abilities


You were on level 4 of the Dungeon.
You were not hungry.

You visited 1 branch of the dungeon, and saw 4 of its levels.

You collected 11 gold pieces.

Inventory:

Hand Weapons
 d - a +0 dagger (weapon)
 i - a +0 hunting sling
Missiles
 h - 18 sling bullets
Armour
 c - a +0 robe (worn)
Scrolls
 a - a scroll of immolation {!r, unknown}
 b - a scroll of teleportation {!r}
 g - a scroll of enchant weapon {!r, unknown}
Potions
 e - a potion of curing {!q, unknown}
Comestibles
 f - a ration


   Skills:
   Level 1.3 Staves
 - Level 1.5 Dodging
 - Level 3.0 Stealth
 + Level 3.4 Spellcasting
   Level 1.5 Charms
   Level 2.0 Poison Magic


You had 6 spell levels left.
You didn't know any spells.
Your spell library contained the following spells:

 Spells                   Type           Power        Failure   Level  Hunger
 Mephitic Cloud           Conj/Pois/Air  #.......     50%         3    ###....
 Venom Bolt               Conj/Pois      #.........   99%         5    ######.
 Olgreb's Toxic Radiance  Pois           #.......     73%         4    #####..
 Sting                    Conj/Pois      #...         17%         1    #......
 Poisonous Vapours        Pois/Air       #.....       26%         2    ###....


Dungeon Overview and Level Annotations

Branches:
Dungeon (4/15)
 Temple: D:4-7

Altars:
Trog

Annotations:
D:4 Ijyb


Innate Abilities, Weirdness & Mutations

You are very small and have problems with some larger weapons.
You are too small for most types of armour.
You have supernaturally acute eyesight. (SInv)
You are a herbivore.
You cover ground extremely quickly.
You need to consume almost no food.


Message History

* * * LOW HITPOINT WARNING * * *
You hit the hobgoblin but do no damage.
The hobgoblin is severely wounded.
The hobgoblin barely misses you.
You hit the hobgoblin but do no damage.
The hobgoblin is heavily wounded.
The hobgoblin misses you.
Found an escape hatch in the floor.
There is a stone staircase leading down here.
You climb downwards.
There is a stone staircase leading up here.
You start resting.
HP restored.
You start resting.
HP restored.
As you open the door, it creaks loudly!
You hear an angry hiss.
There is an open door here.
An adder comes into view.
An adder is nearby!
There is an open door here.
There's nothing to close nearby.
As you close the door, it creaks loudly!
You open the door.
Found 18 sling bullets.
There is an open door here.
An adder comes into view.
Found a bloodstained altar of Trog.
Found a stone staircase leading down.
A bat comes into view.
You see here 18 sling bullets.
h - 18 sling bullets The bat hits you.
There is a stone staircase leading down here.
The bat completely misses you.
You climb downwards.
There is a stone staircase leading up here.
A hobgoblin comes into view.
A hobgoblin is nearby!
Found a club.
Found a stone staircase leading down.
The helpless hobgoblin fails to defend itself.
You puncture the hobgoblin!
You kill the hobgoblin!
There is a stone staircase leading down here.
You climb downwards.
A leopard gecko and an iguana come into view.
The leopard gecko hisses angrily.
The iguana hisses angrily.
Found a scroll labeled YFYESE ULINISM.
Found three stone staircases leading down.
There is a stone staircase leading up here.
Okay, then.
The iguana closely misses you.
You climb upwards.
There is a stone staircase leading down here.
A rat comes into view.
There is a stone staircase leading down here.
You climb downwards.
Level annotation: Ijyb The leopard gecko closely misses you.
The leopard gecko barely misses you.
There is a stone staircase leading up here.
A giant cockroach comes into view.
Ijyb shouts!
Ijyb zaps a wand.
You are blasted!
Ouch! That really hurt!
You die...

#. .. #. #.# ..
#.
...###.########.
......l<........
........@....##
.g.....>...###
.........?##
.#.....>..#
##.......#
#.......#
#.>.....#
#.?.....s


You could see Ijyb, a leopard gecko and a giant cockroach (wandering).

Vanquished Creatures
  2 giant cockroaches (D:1)
  2 hobgoblins
  2 rats (D:1)
6 creatures vanquished.

Notes
Turn   | Place    | Note
-------+----------+-------------------------------------------
     0 | D:1      | Amnesiac the Spriggan Wanderer began the quest for the Orb.
     0 | D:1      | Amnesiac set off with: a scroll of teleportation {!r}, a +0 robe, a +0 dagger, a ration
     0 | D:1      | Reached XP level 1. HP: 9/9 MP: 5/5
   385 | D:2      | Found a bloodstained altar of Trog.
   416 | D:4      | Noticed an iguana
   419 | D:4      | Noticed Ijyb
   438 | D:4      | Blown up by Ijyb

Vault maps used:
D:1:      onia_arrival_pentagram, kennysheep_another_room,
          hangedman_decor_growths, minmay_pentomino_t2
D:2:      lemuel_crystal_altar, lemuel_doored_altar, uniq_crazy_yiuf_cottage
D:3:      nicolae_ru_path_of_blood, gammafunk_temple_of_torment,
          nicolae_dithmenos_through_a_glass_darkly, minmay_lizard_king
D:4:      uniq_pikel, uniq_ijyb

Skill      XL: |  1 |
---------------+----+-----
Spellcasting   | 3 |  3.4
Staves         | |  1.3
Dodging        | |  1.5
Stealth        | |  3.0
Charms         | |  1.5
Poison Magic   | |  2.0

Action                   || total
-------------------------++-------
Melee: Dagger            ||     5
 Fire: Hunting sling     ||    17
 Stab: Sleeping          ||     1
Armor: Robe              ||     1
Dodge: Dodged            ||    10

Table legend:
 A = Spawn XP
 B = Non-spawn XP
 C = Spawn XP percentage of total XP
 D = Spawn monster count
 E = Non-spawn monster count
 F = Spawn count percentage of total count
 G = Total turns spent on level
                    A         B        C        D         E        F      G
               +---------+---------+-------+---------+---------+-------+---------
         Total |       0 |      10 |   0.0 |       0 |       6 |   0.0 |   438
               +---------+---------+-------+---------+---------+-------+---------
           D:1 |       0 |       8 |   0.0 |       0 |       5 |   0.0 |   195
           D:3 |       0 |       2 |   0.0 |       0 |       1 |   0.0 |    40
               +---------+---------+-------+---------+---------+-------+---------
